 Dungeon Crawl Stone Soup version 0.18-a0-1577-gf591c28 (webtiles) character file.

65 M4edhros the Ducker (level 4, 0/28 HPs)
             Began as an Octopode Artificer on Mar 18, 2016.
             Succumbed to an adder's poison
             ... on level 2 of the Dungeon.
             The game lasted 00:03:02 (1911 turns).

M4edhros the Ducker (Octopode Artificer)            Turns: 1911, Time: 00:03:02

Health: 0/28       AC:  1    Str: 10    XL:     4   Next: 14%
Magic:  6/6        EV: 10    Int: 14    God:    Xom [...*..]
Gold:   104        SH:  6    Dex: 13    Spells: 0 memorised, 3 levels left

rFire  . . .     SeeInvis .     a - +0 short sword
rCold  . . .     Gourm    .     r - +0 shield
rNeg   . . .     Faith    .     (helmet restricted)
rPois  .         Spirit   .     s - amulet of magic regeneration
rElec  .         Dismiss  .     (no ring)
rCorr  .         Reflect  .     (no ring)
SustAt .         Harm     .     (no ring)
MR     .....                    (no ring)
Stlth  +++.......               (no ring)
                                (no ring)
                                (no ring)
                                (no ring)

@: lethally poisoned (0 -> -4), not resistant to hostile enchantments, fairly
stealthy
A: almost no armour, amphibious, 8 rings, constrict 8, tentacle spike 1,
camouflage 1, deterioration 1, mutation resistance 1, gelatinous body 1
a: Renounce Religion


You were on level 2 of the Dungeon.
You worshipped Xom.
You were a favourite toy of Xom.
You were hungry.

You visited 1 branch of the dungeon, and saw 3 of its levels.

You collected 104 gold pieces.

Inventory:

Hand Weapons
 a - a +0 short sword (weapon)
 k - a +0 hunting sling
Missiles
 m - 77 stones (quivered)
 o - 24 sling bullets
Armour
 r - a +0 shield (worn)
Jewellery
 s - an amulet of magic regeneration (around mantle)
Wands
 b - a wand of flame (15/48)
 c - a wand of enslavement (13/24)
 d - a wand of random effects (15/48)
Scrolls
 e - a scroll of remove curse {unknown}
 h - a scroll of recharging {unknown}
 j - a scroll of immolation {unknown}
 n - 2 scrolls of teleportation {unknown}
 p - a scroll of identify {unknown}
 q - a scroll of fog {unknown}
Comestibles
 f - 2 bread rations
 g - 2 meat rations


   Skills:
 - Level 1.0 Fighting
 - Level 1.0 Short Blades
 * Level 2.2 Slings
 - Level 3.4 Dodging
 - Level 1.3 Stealth
 + Level 0.0 Shields
 - Level 3.2 Evocations


You had 3 spell levels left.
You didn't know any spells.

Dungeon Overview and Level Annotations

Branches:
Dungeon (3/15)

Altars:
Ashenzari
Vehumet
Xom

Annotations:
D:3 Jano's ghost, amateur DsFi


Innate Abilities, Weirdness & Mutations

You cannot wear most types of armour.
You are amphibious.
You can wear up to eight rings at the same time.
You can use your tentacles to constrict eight enemies at once.
Your skin changes colour to match your surroundings (Stealth).
Your rubbery body absorbs attacks (AC +1).
One of your tentacles bears a spike.
Your body sometimes deteriorates upon taking damage.
You are somewhat resistant to further mutation.


Message History

The adder resists with significant effort.
This wand has 14 charges left.
You block the adder's attack. The river rat bites you.
Evoke which item? (* to show all) (? for menu, Esc to quit)
Zapping:
c - a wand of enslavement (14/24)
Press: ? - help, Shift-Dir - straight line, f/p - adder
Aim: an adder (chance to defeat MR: 62%)
The adder resists with significant effort.
This wand has 13 charges left.
The adder bites you.
* * * LOW HITPOINT WARNING * * *
You are poisoned.
The adder poisons you! The river rat bites you!
* * * LOW HITPOINT WARNING * * *
Drink which item? (? for menu, Esc to quit)
It was a potion of mutation.
You feel extremely strange.
One of your lower tentacles grows a sharp spike.
You feel genetically stable.
You feel yourself wasting away.
Xom thinks this is hilarious!
You die...
Xom chortles!

...#..####.#.#....)..####
#..##
#####..........#####.#
#...# .###..####.#####
##.## #.... #.#.#.####.#
##...## #...# .†.........#
#.....# #...#
##.#.#############.....#
#...# ##.#.#
###.......#.....# #...#
##.#.#
#.....###r##...#######....
.....#
#.....###@###.#...........
##.### #......##S#
#.........)... #.#
#......##.# #...........).
#.#
##......##.###..#####.#...#
#.# #..........##...#
#.#.... #.##
#.#####.######..#####.#...#
#..# #.#####.#
#......##...... ##.#
#.##....# ###...##.##.#...#
#.#
#.##.##.###......#.##......


You could see an adder and a river rat.

Vanquished Creatures
  An adder (D:2)
  An ooze (D:1)
  3 worms (D:2)
  A giant gecko (D:1)
  A giant cockroach (D:1)
  7 goblins
  6 hobgoblins
  2 jackals (D:1)
  7 kobolds
  2 quokkas (D:2)
  A ball python (D:2)
  5 bats
  A giant newt (D:2)
  3 rats
41 creatures vanquished.

Notes
Turn   | Place    | Note
--------------------------------------------------------------
     0 | D:1      | M4edhros the Octopode Artificer began the quest for the Orb.
     0 | D:1      | Reached XP level 1. HP: 13/13 MP: 3/3
   231 | D:1      | Reached XP level 2. HP: 18/18 MP: 4/4
   266 | D:1      | Found a shattered altar of Ashenzari.
   736 | D:1      | You fall through a shaft!
   757 | D:2      | Reached skill level 1 in Slings
   778 | D:2      | Reached XP level 3. HP: 6/23 MP: 5/5
  1239 | D:2      | Found a shattered altar of Ashenzari.
  1239 | D:2      | Found a shimmering altar of Xom.
  1241 | D:2      | Found a radiant altar of Vehumet.
  1289 | D:2      | Became a worshipper of Xom of Chaos
  1503 | D:2      | XOM: butterfly on damage
  1505 | D:2      | Reached XP level 4. HP: 7/28 MP: 6/6
  1531 | D:2      | XOM: silly message
  1796 | D:2      | XOM: silly message
  1849 | D:2      | XOM: scenery: create altars
  1853 | D:3      | Noticed Jano's ghost (amateur DsFi)
  1910 | D:2      | HP: 1/28 [river rat (7)]
  1911 | D:2      | Gained mutation: One of your tentacles bears a spike. [potion of mutation]
  1911 | D:2      | Gained mutation: You are somewhat resistant to further mutation. [potion of mutation]
  1911 | D:2      | Gained mutation: Your body sometimes deteriorates upon taking damage. [potion of mutation]
  1911 | D:2      | Succumbed to an adder's poison

Vault maps used:
D:1:      dpeg_arrival_round_a, hangedman_decor_push, minivault_26,
          evilmike_ruin_ashenzari
D:2:      gammafunk_temple_overflow_forgotten, grunt_ministairs_11,
          minmay_misc_feat_square
D:3:      minitemple, portal_sewer_entry_a, st_stairs_1

Skill      XL: |  1  2  3 |
---------------+----------+-----
Dodging        | 3 |  3.4
Slings         | 1 2 |  2.2
Fighting       | |  1.0
Short Blades   | |  1.0
Stealth        | |  1.3
Evocations     | |  3.2

Action                   |  1- 3 |  4- 6 || total
-------------------------+-------+-------++-------
Melee: Short sword       |    27 |     1 ||    28
 Fire: Hunting sling     |    79 |    25 ||   104
Evoke: Wand              |       |     2 ||     2
  Use: Potion            |       |     3 ||     3
 Stab: Sleeping          |     1 |       ||     1
  Eat: Chunk             |     2 |       ||     2
